 Dungeon Crawl Stone Soup version 0.30.1-9-gdf580d7c3d (webtiles) character file.

Game seed: 13498339313345351814

203 KittyFluff the Cudgeller (level 5, -1/33 HPs)
             Began as a Gargoyle Berserker on Oct 7, 2023.
             Was a Believer of Trog.
             Slain by a gnoll
             ... wielding a +0 whip
             ... led by a gnoll sergeant
              (7 damage)
             ... on level 3 of the Dungeon.
             The game lasted 00:10:38 (2437 turns).

KittyFluff the Cudgeller (Gargoyle Berserker)       Turns: 2437, Time: 00:10:39

Health: -1/33      AC:  9    Str: 22    XL:     5   Next: 81%
Magic:  5/5        EV: 10    Int:  8    God:    Trog [**....]
Gold:   77         SH:  7    Dex:  9    Spells: 4/4 levels left

rFire   . . .        a - +0 mace
rCold   . . .        c - +0 kite shield
rNeg    + . .        j - +0 leather armour
rPois   ∞            b - +0 helmet
rElec   +            f - +0 cloak
rCorr   .            (no gloves)
SInv    .            (no boots)
Will    .....        (no amulet)
Stlth   +            (no ring)
HPRegen 0.25/turn    (no ring)
MPRegen 0.09/turn

%: no passive effects
@: on berserk cooldown, slowed, very slow
A: sickness immunity, AC +4, negative energy resistance 1, electricity
resistance, torment resistance 1, petrification resistance
a: Renounce Religion, Berserk, Trog's Hand


You were on level 3 of the Dungeon.
You worshipped Trog.
Trog was pleased with you.
You visited 1 branch of the dungeon, and saw 3 of its levels.

You collected 88 gold pieces.
You spent 11 gold pieces at shops.

Inventory:

Hand Weapons
 a - a +0 mace (weapon)
 o - a +0 sling
Missiles
 i - 3 poisoned darts (quivered)
Armour
 b - a +0 helmet (worn)
 c - a +0 kite shield (worn)
 e - a +0 buckler
 f - a +0 cloak (worn)
 j - a +0 leather armour (worn)
 s - the -2 helmet of Philately {Rampage Stlth+}
   (You took it off Robin on level 2 of the Dungeon)

   Rampage:   It bestows one free step when moving towards enemies.
   Stlth:     It makes you more stealthy.
Jewellery
 n - a ring of magical power
Scrolls
 g - 2 scrolls of identify {unknown}
 k - 2 scrolls of teleportation {unknown}
 l - a scroll of vulnerability {unknown}
 t - a scroll of magic mapping {unknown}
Potions
 d - a potion of magic {unknown}
 h - a potion of flight {unknown}
 m - a potion of mutation {unknown}
 p - a potion of berserk rage {unknown}
 q - a potion of attraction {unknown}
 r - a potion of heal wounds {unknown}


   Skills:
 + Level 4.0 Fighting
 * Level 4.1 Maces & Flails
 * Level 3.9 Armour
 + Level 2.1 Dodging
 * Level 2.1 Shields


You had 4 spell levels left.
You didn't know any spells.
Your spell library was empty.

Dungeon Overview and Level Annotations

Branches:
Dungeon (3/15)

Altars:

Shops:
D:1 !?*[=


Innate Abilities, Weirdness & Mutations

You are immune to sickness and miasma.
Your stone body is resilient. (AC +4)
You are immune to poison.
You resist negative energy. (rN+)
You are resistant to electric shocks. (rElec)
You are resistant to unholy torment.
You are immune to petrification.


Message History

You have reached level 5!
You sock the gnoll!
The gnoll is severely wounded.
You block the gnoll's attack.
You closely miss the gnoll.
The gnoll is severely wounded.
You barely miss the gnoll.
The gnoll is severely wounded.
The gnoll hits you with a +0 flail!
You sock the gnoll!
You kill the gnoll!
Trog accepts your kill.
Your Shields skill increases to level 2!
You sock the gnoll!
The gnoll is almost dead.
The gnoll hits you with a +0 whip.
You closely miss the gnoll.
The gnoll is almost dead.
The gnoll hits you with a +0 whip.
* * * LOW HITPOINT WARNING * * *
You sock the gnoll!
You kill the gnoll!
Trog accepts your kill.
You hit the gnoll.
The gnoll is lightly wounded.
The gnoll hits you with a +0 flail.
* * * LOW HITPOINT WARNING * * *
You thump the gnoll!
The gnoll is severely wounded.
The gnoll barely misses you.
You sock the gnoll!
You kill the gnoll!
Trog accepts your kill.
You are no longer berserk.
You are exhausted.
You feel yourself slow down.
You hit the gnoll.
The gnoll is lightly wounded.
The gnoll barely misses you. The gnoll hits you with a +0 whip!
You die...

##.#.#####.#
#####...##########
#####.................
#<..)..#.#####..#####.
###.###..#.# #..#
....# ##.#.# #..#
##### #.#.# #.## #.#..
#.# #.### #@# #.. #g#
..# #.. #..# #...
#.... #.... #....#


You could see a gnoll.

Vanquished Creatures
  A gnoll sergeant (D:3)
  Robin (D:2)
  2 adders
  4 gnolls (D:3)
  3 dart slugs
  A worm (D:2)
  A ball python (D:3)
  6 endoplasms
  13 goblins
  8 hobgoblins
  4 jackals (D:2)
  A quokka (D:3)
  7 bats
  4 frilled lizards (D:2)
  5 kobolds
  7 rats
68 creatures vanquished.

Notes
Turn   | Place    | Note
-------+----------+-------------------------------------------
     0 | D:1      | KittyFluff the Gargoyle Berserker began the quest for the
                  | Orb.
     0 | D:1      | Reached XP level 1. HP: 14/14 MP: 1/1
    48 | D:1      | Found Focan's Magic Scroll Shop.
    64 | D:1      | Found Xophelim's Distillery.
   167 | D:1      | Bought a potion of degeneration for 11 gold pieces
   312 | D:1      | Reached XP level 2. HP: 19/19 MP: 2/2
   577 | D:1      | Found Ylawu's Jewellery Shoppe.
   664 | D:1      | Found Molepuc's General Store.
   760 | D:1      | Found Aluxysics's Armour Shoppe.
   921 | D:1      | Found a faded altar of an unknown god.
   925 | D:1      | Reached XP level 3. HP: 23/23 MP: 3/3
  1283 | D:2      | Reached ** piety under Trog
  1796 | D:2      | Reached XP level 4. HP: 29/29 MP: 4/4
  2025 | D:2      | Identified the -2 helmet of Philately {Rampage Stlth+}
  2025 | D:2      | Noticed Robin
  2036 | D:2      | Killed Robin
  2037 | D:2      | Reached skill level 1 in Shields
  2414 | D:3      | Noticed a gnoll sergeant
  2426 | D:3      | Killed a gnoll sergeant
  2427 | D:3      | Reached XP level 5. HP: 24/33 MP: 5/5
  2437 | D:3      | Slain by a gnoll

Illustrated notes

Levels and vault maps discovered:
D:1:      wander_arrival_abandoned_jail, layout_basic, serial_shops,
          nicolae_shop_back_alley_shop, shop, shop,
          nicolae_shop_tiny_waterfront, nicolae_shop_rolling_square,
          basic_ecumenical_altar
D:2:      layout_basic, uniq_robin
D:3:      layout_loops_ring, roderic_lattice_a, patterned_corridor

Skill      XL: |  1  2  3  4  5 |
---------------+----------------+-----
Armour         | 3 |  3.9
Shields        | 1 2 |  2.1
Dodging        | 2 |  2.1
Fighting       | 4 |  4.0
Maces & Flails | 4 |  4.1

Action                     |  1- 3 |  4- 6 || total
---------------------------+-------+-------++-------
  Melee: Mace              |   162 |    93 ||   255
 Invoke: Berserk           |       |     1 ||     1
 Armour: Animal skin       |    35 |       ||    35
         Leather armour    |    39 |    36 ||    75
  Dodge: Dodged            |    75 |    51 ||   126
  Block: Kite shield       |    56 |    46 ||   102
